cohdb
Replays
Latest Replays
All Replays
Popular Replays
Top Player Replays
Match Explorer
How It Works
Community
CoH3 Stats
Reddit
Sign in to upload your games and track your stats! →
Sign in with Steam
Match 45200944
Unlisted
Match 45200944
Overview
Messages
Build Orders
End
Construct Barracks
Riflemen Squad
Riflemen Squad
1⁄4-ton 4x4 Truck
Grenade Package
Riflemen Squad
Air Support Center
Grasshopper Recon Run
Construct Motor Pool
M24 Chaffee Light Tank
Grasshopper Recon Run
P-47 Dive Bomb
P-47 Strafing Run
P-47 Strafing Run
M24 Chaffee Light Tank
P-47 Dive Bomb
Construct Medical Station
Selects Airborne Battlegroup
Selects Smoke Bombing Run
Selects Supply Drop
Selects Dual P-47 Rocket Strike
Selects Heavy Machine Gun Paradrop
Heavy Machine Gun Paradrop
Grasshopper Recon Run
M24 Chaffee Light Tank
Grasshopper Recon Run
P-47 Dive Bomb
Selects Paratrooper Squad Paradrop
Paratrooper Squad Paradrop
Heavy Machine Gun Paradrop
Generick
Wappaw_Red
Potato Ball Sack
Alpha_Roger
CommieKillerz
Laughing Sun
Gengeta
求你了别站起来蹬她
0
0
Comments
sign in to comment!
No comments posted yet!